Map: Dusk Towers

Players

Lilbow - Winner!

  • Race: Protoss Protoss
  • League: Master

LiquidSnute (Snute)

  • Race: Zerg Zerg
  • League: Grandmaster

VOD

Have the link to the VOD?

Description

Time

  • Played on: May 22, 2016, 7:24 a.m.
  • Length: 8:56
Show
View Real Time Build Order
Export as new Build Order

Lilbow Protoss - Winner!

Build Orders: 1 Gate Expand, Oracle Opening, Zealot Archon 

Get SALT Encoding   

  13  0:09  Probe (Chrono Boost)  
  13  0:16  Pylon  
  13  0:20  Probe (Chrono Boost)  
  14  0:30  Probe (Chrono Boost)  
  14  0:34  Gateway  
  15  0:41  Probe (Chrono Boost)  
  16  0:44  Assimilator  
  16  0:51  Probe (Chrono Boost)  
  17  1:02  Probe (Chrono Boost)  
  18  1:12  Probe (Chrono Boost)  
  19  1:19  Nexus  
  19  1:29  Cybernetics Core  
  19  1:32  Probe (Chrono Boost)  
  20  1:37  Assimilator  
  20  1:43  Probe (Chrono Boost)  
  21  1:47  Pylon  
  21  1:53  Probe (Chrono Boost)  
  22  2:04  Probe (Chrono Boost)  
  22  2:06  Warp Gate, Adept  
  25  2:14  Probe (Chrono Boost)  
  26  2:25  Probe (Chrono Boost), Stargate  
  27  2:32  Probe (Chrono Boost)  
  27  2:33  Adept  
  27  2:35  Probe (Chrono Boost)  
  31  2:42  Probe (Chrono Boost)  
  32  2:46  Probe (Chrono Boost)  
  33  2:53  Probe (Chrono Boost)  
  33  2:56  Probe (Chrono Boost)  
  35  3:00  Zealot  
  35  3:03  Probe (Chrono Boost)  
  38  3:07  Probe (Chrono Boost), Pylon  
  39  3:13  Probe (Chrono Boost)  
  39  3:17  Probe (Chrono Boost)  
  39  3:18  Oracle (Chrono Boost)  
  44  3:22  Probe  
  44  3:25  Gateway  
  45  3:29  Mothership Core  
  45  3:33  Probe  
  47  3:40  Nexus  
  48  3:44  Pylon  
  48  3:48  Probe, Pylon  
  48  3:51  Probe  
  50  3:55  Assimilator  
  50  3:56  Assimilator  
  50  3:59  Probe  
  51  4:03  Probe  
  51  4:09  Probe  
  52  4:14  Forge  
  52  4:15  Probe  
  54  4:20  Probe  
  55  4:27  Probe (Chrono Boost)  
  56  4:31  Probe (Chrono Boost)  
  56  4:32  Assimilator  
  56  4:35  Zealot  
  56  4:36  Assimilator  
  59  4:39  Probe (Chrono Boost)  
  59  4:43  Probe (Chrono Boost)  
  59  4:45  Protoss Ground Weapons Level 1  
  61  4:49  Twilight Council  
  61  4:50  Probe (Chrono Boost)  
  61  4:52  Robotics Facility  
  63  4:53  Probe x2 (Chrono Boost)  
  63  4:59  Zealot  
  66  5:00  Probe (Chrono Boost), Zealot  
  66  5:03  Probe (Chrono Boost)  
  66  5:04  Probe (Chrono Boost)  
  71  5:11  Probe (Chrono Boost)  
  71  5:14  Probe x2 (Chrono Boost)  
  73  5:16  Pylon  
  73  5:19  Pylon  
  75  5:21  Probe (Chrono Boost)  
  75  5:24  Probe (Chrono Boost)  
  75  5:25  Probe (Chrono Boost)  
  77  5:32  Probe (Chrono Boost)  
  77  5:35  Probe x2 (Chrono Boost)  
  80  5:37  Gateway  
  80  5:39  Observer, Gateway  
  80  5:41  Gateway  
  80  5:42  Probe (Chrono Boost)  
  82  5:43  Gateway  
  82  5:45  Probe (Chrono Boost)  
  82  5:49  Probe (Chrono Boost)  
  84  5:52  Templar Archives  
  84  6:00  Zealot x2, Gateway  
  84  6:01  Gateway  
  88  6:10  Gateway  
  88  6:13  Gateway  
  88  6:14  Gateway x2  
  88  6:16  Warp Prism (Chrono Boost)  
  90  6:26  Pylon x2  
  90  6:28  High Templar x2  
  94  6:34  High Templar, Archon  
  94  6:35  High Templar  
  98  6:40  Archon, Pylon x2  
  98  6:41  High Templar  
  100  6:47  Gateway  
  100  6:54  High Templar  
  100  6:59  Gateway  
  102  7:01  Archon  
  102  7:02  High Templar  
  102  7:03  High Templar  
  102  7:06  High Templar  
  102  7:07  High Templar, Archon  
  110  7:08  High Templar  
  110  7:09  High Templar  
  110  7:11  Archon  
  110  7:12  Archon  
  114  7:18  High Templar x3  
  114  7:19  High Templar  
  122  7:23  Archon x2, Pylon x2  
  122  7:24  Pylon  
  122  7:25  Pylon x2  
  122  7:28  Pylon x2  
  122  7:44  High Templar  
  122  7:45  High Templar, Zealot x6  
  122  7:49  Archon  
  122  7:51  Zealot x3  
  144  8:08  Zealot  
  144  8:09  Zealot x7  
  144  8:12  Zealot x3  
  142  8:14  Immortal (Chrono Boost)  
  124  8:29  High Templar  
  124  8:30  High Templar x3, Zealot x2  
  124  8:31  Zealot x4  
  124  8:34  Archon x2  
  144  8:36  Zealot x3  
  151  8:54  Zealot x3  
  151  8:55  Zealot x3  
Show
View Real Time Build Order
Export as new Build Order

LiquidSnute Zerg 

Build Orders: 3 Hatch before Pool, Hatch First 

Get SALT Encoding   

  12  0:00  Drone  
  13  0:12  Overlord  
  13  0:17  Drone  
  14  0:30  Drone x2  
  14  0:34  Drone  
  17  0:51  Hatchery  
  17  0:54  Drone  
  17  0:57  Drone  
  18  1:10  Spawning Pool  
  17  1:13  Drone  
  17  1:17  Drone  
  19  1:35  Hatchery  
  19  1:38  Drone  
  19  1:41  Drone  
  20  1:49  Extractor  
  19  1:56  Queen  
  21  2:02  Queen  
  21  2:06  Overlord  
  23  2:09  Drone  
  23  2:12  Drone  
  23  2:15  Drone  
  26  2:18  Drone  
  26  2:21  Drone  
  28  2:25  Drone  
  29  2:32  Drone  
  30  2:37  Drone  
  30  2:38  Queen  
  30  2:44  Overlord  
  33  2:47  Zergling x2  
  33  2:49  Zergling x2  
  35  2:53  Zergling x2  
  36  3:01  Queen  
  36  3:03  Drone x2  
  40  3:11  Drone x3  
  43  3:17  Drone x4  
  46  3:20  Drone  
  46  3:26  Spore Crawler  
  46  3:27  Overlord  
  46  3:30  Drone  
  46  3:31  Drone  
  48  3:35  Spore Crawler  
  48  3:36  Drone  
  48  3:40  Drone x2  
  50  3:44  Evolution Chamber, Drone  
  50  3:47  Overlord  
  50  3:49  Drone  
  50  3:50  Drone  
  50  3:54  Drone x2  
  55  3:55  Drone  
  55  3:58  Drone  
  55  3:59  Drone  
  55  4:01  Drone  
  58  4:05  Overlord  
  58  4:06  Drone x2  
  58  4:07  Drone  
  61  4:11  Zerg Melee Weapons Level 1  
  61  4:12  Drone  
  61  4:16  Overlord  
  62  4:17  Drone  
  62  4:18  Drone  
  62  4:20  Drone x2  
  62  4:23  Metabolic Boost  
  66  4:29  Drone x4  
  66  4:30  Drone  
  68  4:34  Drone x2  
  68  4:35  Drone x2  
  72  4:40  Drone x2  
  72  4:41  Baneling Nest, Drone  
  72  4:44  Extractor  
  73  4:49  Hatchery  
  72  4:58  Hatchery  
  71  5:01  Lair  
  71  5:03  Drone x5  
  71  5:04  Extractor, Drone  
  71  5:05  Drone  
  71  5:06  Drone  
  78  5:09  Drone x3  
  78  5:11  Drone  
  82  5:17  Extractor x2, Drone  
  82  5:19  Drone, Overlord  
  82  5:23  Overlord x4  
  82  5:28  Pneumatized Carapace  
  82  5:41  Extractor, Drone  
  82  5:42  Drone  
  82  5:46  Drone x2  
  82  5:49  Queen  
  86  5:52  Spore Crawler  
  86  5:54  Zergling x18  
  94  5:59  Centrifical Hooks  
  94  6:02  Evolution Chamber  
  93  6:06  Zerg Melee Weapons Level 2  
  93  6:11  Drone x2  
  94  6:12  Queen, Drone x6  
  103  6:21  Zergling x22  
  114  6:30  Zerg Ground Armor Level 1  
  114  6:31  Zergling x8  
  118  6:35  Overlord  
  118  6:36  Zergling x2  
  118  6:37  Hatchery, Zergling x12  
  124  6:46  Overlord x2  
  124  6:47  Zergling x2  
  124  6:48  Zergling x4  
  124  6:53  Baneling x7  
  124  6:54  Baneling x16  
  127  6:55  Baneling x2  
  127  6:56  Baneling x2  
  127  6:58  Overlord  
  127  7:04  Zergling x10  
  127  7:05  Zergling x8  
  127  7:08  Overlord  
  136  7:09  Zergling x6  
  136  7:12  Baneling x8  
  136  7:13  Baneling x2  
  136  7:14  Baneling  
  139  7:21  Zergling x2  
  139  7:22  Zergling x14  
  147  7:23  Zergling x2  
  147  7:29  Zergling x14  
  155  7:36  Baneling x8  
  155  7:39  Zergling x16  
  155  7:40  Zergling x2  
  164  7:49  Baneling x6  
  164  7:52  Zergling x16  
  164  7:53  Zergling x6  
  164  7:55  Baneling x4  
  135  8:13  Zergling x24  
  135  8:17  Zergling x12  
  121  8:23  Zergling x8  
  123  8:27  Zergling x2  
  123  8:28  Zergling x10  
  123  8:32  Baneling x6  
  123  8:33  Baneling x9  
  123  8:34  Baneling x3  
  119  8:35  Zergling x6  
Tags
 
Add a new tag
Caveats
  • Supply blocks, unpowered buildings, or Contaminate may cause inaccurate times.
  • Supply counts are checked every 10 seconds.